 Dungeon Crawl Stone Soup version 0.31-a0-1616-gbeaec30b81 (webtiles) character file.

Game seed: 17385666381114189533

393347 gruber the Unseen (level 23, -2/124 HPs)
             Began as a Vine Stalker Fighter on Jan 10, 2024.
             Was an Elder of Uskayaw.
             Succumbed to poison (poison gas)
             ... on level 4 of the Depths on Jan 17, 2024.
             The game lasted 01:36:39 (49126 turns).

gruber the Unseen (Vine Stalker Fighter)           Turns: 49126, Time: 01:36:39

Health: -2/124     AC: 29    Str: 23    XL:     23   Next: 14%
Magic:  32/37      EV: 22    Int:  8    God:    Uskayaw [****..]
Gold:   4456       SH: 21    Dex: 27    Spells: 22/22 levels left

rFire   + . .        G - +7 captain's cutlass {speed, disarm}
rCold   + + .        J - +0 kite shield "Appyetra" {rC+ Regen+ Dex+2}
rNeg    + . .        Y - +6 faerie dragon scales {Rampage rF+ rCorr Dex+2}
rPois   .            B - +2 helmet
rElec   .            z - +0 cloak
rCorr   +            E - +2 pair of gloves
SInv    .            N - +0 pair of boots
Will    ++++.        O - amulet of reflection
Stlth   +++++++      x - ring "Yjavug" {rC+ rN+ Str+2}
HPRegen 2.00/turn    s - ring "Vageerut" {Will++ AC+4 Stlth-}
MPRegen 0.25/turn

%: reflection, guardian spirit, rampage
@: lethally poisoned (-2 -> -8), studying Evocations
A: fangs 3, regeneration 1, magic shield, antimagic bite, no potion heal 2
}: 2/15 runes: serpentine, barnacled
a: Renounce Religion, Stomp, Line Pass


You were on level 4 of the Depths.
You worshipped Uskayaw.
Uskayaw was most pleased with you.
You visited 8 branches of the dungeon, and saw 39 of its levels.
You visited 1 bazaar.
You also visited: Trove, Wizlab and Desolation.

You collected 5190 gold pieces.
You spent 734 gold pieces at shops.

Inventory:

Hand Weapons
 G - the +7 captain's cutlass (weapon) {speed, disarm}
   (You found it on level 2 of the Depths)
Missiles
 m - 9 throwing nets
 Q - 15 curare-tipped darts (quivered)
 S - 10 silver javelins
Armour
 z - a +0 cloak (worn)
 B - a +2 helmet (worn)
 E - a +2 pair of gloves (worn)
 J - the +0 kite shield "Appyetra" (worn) {rC+ Regen+ Dex+2}
   (You found it in a wizard's laboratory)

   Dex+2:     It affects your dexterity (+2).
   rC+:       It protects you from cold.
   Regen+:    It increases your rate of health regeneration.
 N - a +0 pair of boots (worn)
 Y - the +6 faerie dragon scales (worn) {Rampage rF+ rCorr Dex+2}
   (You took it off the Enchantress on level 2 of the Depths)

   Dex+2:     It affects your dexterity (+2).
   rF+:       It protects you from fire.
   rCorr:     It protects you from acid and corrosion.
   Rampage:   It bestows one free step when moving towards enemies.
Jewellery
 p - a ring of flight
 s - the ring "Vageerut" (right hand) {Will++ AC+4 Stlth-}
   (You found it in the Desolation of Salt)

   [ring of protection]

   AC+4:      It affects your AC (+4).
   Will++:    It greatly increases your willpower.
   Stlth-:    It makes you less stealthy.
 u - a ring of see invisible
 x - the ring "Yjavug" (left hand) {rC+ rN+ Str+2}
   (You found it in the Desolation of Salt)

   [ring of protection from cold]

   Str+2:     It affects your strength (+2).
   rC+:       It protects you from cold.
   rN+:       It protects you from negative energy.
 A - the ring of the Trilobite {rF+ Int+3}
   (You found it in the Desolation of Salt)

   [ring of protection from fire]

   Int+3:     It affects your intelligence (+3).
   rF+:       It protects you from fire.
 F - a ring of protection from cold
 O - an amulet of reflection (around neck)
 T - a ring of poison resistance
Wands
 k - a wand of charming (60)
 r - a wand of acid (34)
 v - a wand of iceblast (27)
 D - a wand of polymorph (8)
 I - a wand of flame (24)
 M - a wand of digging (3)
 R - a wand of mindburst (37)
Scrolls
 a - 5 scrolls of blinking
 f - 4 scrolls of silence
 h - a scroll of brand weapon
 t - 18 scrolls of teleportation
 w - 2 scrolls of summoning
 y - 11 scrolls of vulnerability
 C - a scroll of torment
 K - 3 scrolls of revelation
 L - 8 scrolls of fog
 P - 5 scrolls of fear
 W - 3 scrolls of immolation
 Z - 2 scrolls of poison
Potions
 b - 3 potions of berserk rage
 c - 7 potions of lignification
 d - 6 potions of might
 e - 4 potions of attraction
 g - 3 potions of resistance
 j - 8 potions of haste
 l - 3 potions of invisibility
 n - 3 potions of brilliance
 q - 10 potions of curing
 H - 5 potions of enlightenment
 U - 2 potions of cancellation
 V - a potion of ambrosia
 X - a potion of magic
Miscellaneous
 i - a tin of tremorstones (2/2)
 o - a lightning rod (4/4)


   Skills:
 - Level 14.0 Fighting
 * Level 16.6 Short Blades
 - Level 12.0 Armour
 - Level 12.0 Dodging
 - Level 20.0 Stealth
 - Level 15.0 Shields
 - Level 18.0 Invocations
 - Level 8.0 Evocations


You had 22 spell levels left.
You didn't know any spells.
Your spell library contained the following spells:

 Spells                   Type           Power      Damage    Failure   Level
 Apportation              Tloc           0%         N/A       61%         1
 Magic Dart               Conj           0%         1d3       61%         1
 Necrotise                Necr           0%         1d4       61%         1
 Slow                     Hex            0%         N/A       61%         1
 Sting                    Conj/Alch      0%         1d3       61%         1
 Summon Small Mammal      Summ           0%         N/A       61%         1
 Blink                    Tloc           0%         N/A       75%         2
 Call Imp                 Summ           0%         N/A       75%         2
 Cigotuvi's Dreadful Rot  Necr/Alch/Air  0%         N/A       75%         2
 Jinxbite                 Hex            0%         N/A       75%         2
 Lesser Beckoning         Tloc           0%         N/A       75%         2
 Mercury Vapours          Alch/Air       0%         N/A       75%         2
 Scorch                   Fire           0%         2d5       75%         2
 Sublimation of Blood     Necr           0%         N/A       75%         2
 Call Canine Familiar     Summ           0%         N/A       93%         3
 Confusing Touch          Hex            0%         N/A       93%         3
 Frozen Ramparts          Ice            0%         1d1       93%         3
 Fugue of the Fallen      Necr           0%         N/A       93%         3
 Gell's Gravitas          Tloc           0%         N/A       93%         3
 Inner Flame              Hex/Fire       0%         N/A       93%         3
 Ozocubu's Armour         Ice            0%         N/A       93%         3
 Sigil of Binding         Hex            0%         N/A       93%         3
 Teleport Other           Tloc           0%         N/A       93%         3
 Tukima's Dance           Hex            0%         N/A       93%         3
 Vampiric Draining        Necr           0%         2d6       93%         3
 Volatile Blastmotes      Fire/Tloc      0%         2d10      93%         3
 Animate Dead             Necr           0%         N/A       100%        4
 Brom's Barrelling Bould  Conj/Erth      0%         2d3       100%        4
 Dimensional Bullseye     Hex/Tloc       0%         N/A       100%        4
 Flame Wave               Conj/Fire      0%         2d4       100%        4
 Ignite Poison            Fire/Alch      0%         N/A       100%        4
 Iskenderun's Mystic Bla  Conj/Tloc      0%         2d3       100%        4
 Leda's Liquefaction      Alch/Erth      0%         N/A       100%        4
 Manifold Assault         Tloc           0%         N/A       100%        4
 Martyr's Knell           Necr/Summ      0%         N/A       100%        4
 Olgreb's Toxic Radiance  Alch           0%         N/A       100%        4
 Petrify                  Alch/Erth      0%         N/A       100%        4
 Sticky Flame             Fire/Alch      0%         2d4       100%        4
 Summon Blazeheart Golem  Fire/Summ      0%         N/A       100%        4
 Vhi's Electric Charge    Tloc/Air       0%         N/A       100%        4
 Alistair's Intoxication  Alch           0%         N/A       100%        5
 Arcjolt                  Conj/Air       0%         1d10      100%        5
 Borgnjor's Vile Clutch   Necr/Erth      0%         N/A       100%        5
 Curse of Agony           Necr           0%         N/A       100%        5
 Fireball                 Conj/Fire      0%         3d3       100%        5
 Freezing Cloud           Conj/Ice/Air   0%         6-21      100%        5
 Irradiate                Conj/Alch      0%         3d11      100%        5
 Iskenderun's Battlesphe  Conj           0%         2d6       100%        5
 Metabolic Englaciation   Hex/Ice        0%         N/A       100%        5
 Conjure Ball Lightning   Conj/Air       0%         3x3d6     100%        6
 Death Channel            Necr           0%         N/A       100%        6
 Starburst                Conj/Fire      0%         6d3       100%        6
 Summon Cactus Giant      Summ           0%         N/A       100%        6
 Haunt                    Necr/Summ      0%         N/A       100%        7
 Orb of Destruction       Conj           0%         9d5       100%        7
 Spellforged Servitor     Conj/Summ      0%         N/A       100%        7
 Borgnjor's Revivificati  Necr           0%         N/A       100%        8
 Maxwell's Capacitive Co  Air            0%         ∞         100%        8
 Chain Lightning          Conj/Air       0%         N/A       100%        9
 Death's Door             Necr           0%         N/A       100%        9
 Fire Storm               Conj/Fire      0%         5d1       100%        9
 Shatter                  Erth           0%         3d5*      100%        9


Dungeon Overview and Level Annotations

Branches:
Dungeon (15/15)            Temple (1/1) D:4            Lair (5/5) D:10
 Shoals (4/4) Lair:3        Snake (4/4) Lair:3        Slime (0/5) Lair:4
    Orc (2/2) D:10            Elf (0/3) Orc:2        Vaults (4/5) D:14
  Crypt (0/3) Vaults:3     Depths (4/4) D:15         WizLab (visited)
Desolation (visited)
    Zot: Depths:4

Altars:
Ashenzari
Cheibriados
Dithmenos
Elyvilon
Fedhas
Gozag
Hepliaklqana
Kikubaaqudgha
Makhleb
Nemelex Xobeh
Okawaru
Qazlal
Ru
Sif Muna
Trog
Uskayaw
Vehumet
Wu Jian
Xom
Yredelemnul
Zin
The Shining One
Jiyva

Shops:
Orc:2 [?=[***:   Snake:1 =::   Snake:3 [   Depths:3 ?

Portals:
Hell: Depths:1 Depths:2 Depths:3 Depths:4
Abyss: Depths:1 Depths:3
Pandemonium: Depths:2 Depths:4
Ziggurat: Depths:1

Annotations:
D:3 3 runed translucent doors, Domino's ghost, amateur MiFi; casual's ghost, amateur DjAE
D:9 2 transporters, ZZKoverts's ghost, journeyman DjFE
Lair:4 exclusion: oklob plant
Lair:5 exclusion: obsidian statue
Snake:2 Roxanne
Vaults:4 3 runed translucent doors, nago's ghost, veteran NaSh


Innate Abilities, Weirdness & Mutations

You have razor-sharp teeth.
Your natural rate of healing is unusually fast.
When hurt, damage is shared between your health and your magic reserves.
Your bite disrupts and absorbs the magic of your enemies.
Potions cannot restore your health.


Message History

The white draconian is almost dead.
You are engulfed in poison gas.
You are more poisoned.
* * * LOW HITPOINT WARNING * * *
You feel extremely sick.
Uskayaw will force your foes to share their pain.
Unknown command.
You hit the white draconian. Your bite misses the white draconian.
The white draconian is almost dead.
You are engulfed in poison gas.
You are more poisoned.
* * * LOW HITPOINT WARNING * * *
x2 You feel extremely sick.
You block the white draconian's attack.
The stone giant is engulfed in poison gas.
The stone giant looks even sicker.
The stone giant barely misses you.
Uskayaw prepares the audience for your solo!
Unknown command.
The helpless white draconian fails to defend itself.
You spit the white draconian like a pig!!!!!
You kill the white draconian!
You are engulfed in poison gas.
You are more poisoned.
* * * LOW HITPOINT WARNING * * *
x2 You feel extremely sick.
Unknown command.
Unknown command.
The helpless stone giant fails to defend itself.
You skewer the stone giant like a kebab!!!!!
You kill the stone giant!
You are engulfed in poison gas.
You are more poisoned.
* * * LOW HITPOINT WARNING * * *
You feel extremely sick.
Unknown command.
Unknown command.
Your system rejects the healing.
You feel better.
You are engulfed in poison gas.
You are lethally poisoned!
You die...

D. .... ..... #~.. ##
###+# ####### #~.. .~. ...
#~.. ####.######.. #~^.
.........○' ######~..
.........#########~≈~~~~..
.........#°.°..).#≈.......
##
..C###..†#°#.#†#[#~.......
^. #...@°...)).'~.......
## #..°#.#°#.#)#~.....=.
..d....#.......#~.......
....d..#########≈≈~~~~†.
......... ######~..
###.##### #~.. .~. #~..
####### ## ### #~.. ?(...
... #~..


You could see 2 draconians.

Vanquished Creatures
  Bai Suzhen (Shoals:4)
  Saint Roka (Snake:4)
  A golden dragon (Depths:4)
  the Enchantress (Depths:2)
  An electric golem (WizLab)
  2 tentacled monstrosities (Depths:3)
  Mlioglotl (Snake:3)
  A lich (Depths:4)
  2 krakens
  Polyphemus (Shoals:4)
  2 storm dragons
  Kirke (Lair:3)
  Donald (Vaults:2)
  A tengu reaver (Depths:3)
  Ilsuiw (Shoals:2)
  14 nagarajas (Snake:4)
  An emperor scorpion (Depths:2)
  4 fire giants
  4 imperial myrmidons (Desolation)
  8 frost giants
  14 vault wardens
  7 ironbound preservers
  4 orc warlords
  A formless jellyfish (Vaults:2)
  4 spriggan defenders (Depths:2)
  17 very ugly things
  6 caustic shrike skeletons (Depths:2)
  2 stone giants
  A green draconian (Depths:4)
  9 ironbound thunderhulks
  A deep elf death mage (Vaults:1)
  A halazid warlock (Desolation)
  2 white draconians (Depths:4)
  17 dire elephants
  An eleionoma (Depths:2)
  7 war gargoyles
  2 purple draconians (Depths:4)
  2 crystal guardians (Desolation)
  A black draconian (Depths:4)
  An eidolon (Vaults:4)
  Snorg (D:10)
  6 merfolk javelineers
  2 deep elf high priests
  Josephine (D:15)
  10 yaktaur captains
  5 ettins
  4 fire dragons
  7 merfolk impalers
  Fannar (D:10)
  A quicksilver dragon zombie (D:15)
  5 ragged hierophants (Desolation)
  2 entropy weavers
  3 vault guards
  2 ice dragons
  Harold (D:11)
  4 servants of whispers (Desolation)
  4 rakshasas
  7 great orbs of eyes
  18 peacekeepers
  3 salamander tyrants
  7 spriggan air magi
  5 hydras
  A catoblepas (Shoals:4)
  A sphinx zombie (D:15)
  4 ironbound frosthearts
  6 anacondas
  2 merfolk avatars
  10 centaur warriors
  A dancing weapon (D:13)
  A sphinx skeleton (D:15)
  6 boulder beetles
  2 vampire magi
  15 naga warriors
  6 alligator snapping turtles
  A deep troll earth mage (Depths:1)
  2 deep troll shamans (Depths:3)
  14 death yaks
  9 merfolk aquamancers
  5 satyrs
  3 occultists (Depths:2)
  3 tengu warriors
  6 orc high priests
  Urug (Lair:3)
  A sun demon (Depths:4)
  11 shock serpents
  8 spriggan berserkers
  2 soul eaters (D:15)
  2 deep elf knights (Depths:2)
  2 spectral death yaks (Lair:5)
  Sonja (Orc:1)
  16 naga sharpshooters
  11 hell knights (Depths:1)
  3 iron trolls
  2 skeletal warriors
  7 sea snakes
  3 skysharks
  4 salamander mystics
  2 sixfirhies (D:15)
  8 mana vipers
  25 deep trolls
  7 spriggan druids (Depths:2)
  A glowing orange brain (Depths:1)
  7 lindwurms
  A spectral anaconda (Lair:5)
  3 naga ritualists
  3 arcanists
  26 ironbound convokers
  A phantasmal warrior (Vaults:2)
  2 flayed ghosts
  29 harpies
  6 deep elf pyromancers
  8 necromancers
  2 orc sorcerers (Orc:2)
  19 orc knights
  2 lightning spires (WizLab)
  5 fauns (Shoals:3)
  11 ugly things
  17 salamanders
  11 cyclopes
  Maurice (D:7)
  12 manticores
  7 merfolk sirens
  Joseph (D:7)
  5 water nymphs
  10 guardian serpents
  2 rust devils (D:15)
  2 ice statues
  9 naga magi
  16 elephants (Lair:5)
  2 molten gargoyles
  12 vault sentinels
  A smoke demon (D:15)
  8 gargoyles
  28 black mambas
  2 orange demons (D:15)
  9 cane toads
  A freezing wraith (Vaults:3)
  3 rime drakes
  22 yaktaurs
  2 kobold demonologists (D:11)
  5 tengu conjurers
  4 komodo dragons
  An ice devil (D:15)
  26 merfolk
  A red devil (D:15)
  2 efreet
  10 trolls
  2 hellwings (D:15)
  4 polar bears
  A raiju (shapeshifter) (D:9)
  Grinder (D:5)
  Prince Ribbit (D:6)
  2 glass eyes (D:11)
  6 wind drakes
  19 hornets
  13 snapping turtles
  5 blink frogs (Lair:3)
  A glass eye (shapeshifter) (Depths:2)
  54 saltlings (Desolation)
  5 dream sheep (Shoals:4)
  39 slime creatures
  44 spriggans
  2 shadows (D:9)
  8 water elementals
  2 vampires
  Sigmund (D:5)
  8 wyverns
  A culicivora (Vaults:1)
  A hog (Lair:3)
  4 basilisks
  9 vampire mosquitoes
  5 wargs
  3 wraiths (D:15)
  31 yaks
  2 death yak simulacra (Lair:5)
  2 redbacks (Vaults:1)
  34 nagas
  Menkaure (D:6)
  2 acid dragons
  17 water moccasins
  2 hell hounds (Lair:4)
  42 orc warriors
  3 black bears
  A swamp drake (D:10)
  A sky beast (D:6)
  2 ice beasts (D:5)
  5 ogres
  4 boggarts (Vaults:1)
  2 elephant zombies (Lair:5)
  8 centaurs
  20 wolves
  2 elephant skeletons (Lair:5)
  5 phantoms
  5 earth elementals (WizLab)
  5 kobold brigands
  19 bullfrogs
  3 scorpions
  A gnoll sergeant (D:8)
  4 wights (D:7)
  10 killer bees
  6 howler monkeys
  2 electric eels
  3 bombardier beetles
  3 hounds (D:6)
  21 orc priests
  A jelly (D:6)
  Ijyb (D:3)
  A scorpion zombie (D:3)
  2 sleepcaps (D:4)
  23 orc wizards
  A hound zombie (D:3)
  11 gnolls
  8 adders
  2 ufetubi (D:5)
  An adder zombie (D:3)
  4 dart slugs
  100 orcs
  4 ball pythons
  9 bats
  3 bat zombies (D:3)
  3 endoplasms
  5 giant cockroaches
  6 goblins
  5 hobgoblins
  3 quokkas
  A ball python zombie (D:3)
  5 frilled lizards
  A frilled lizard zombie (D:3)
  21 kobolds
  4 rats
  8 tentacles
1562 creatures vanquished.

Vanquished Creatures (others)
  A centaur warrior (D:14)
  A flayed ghost (Depths:1)
  A salamander (Snake:4)
  A guardian serpent (Desolation)
  A saltling (Desolation)
  A human (Lair:3)
  15 tentacles
21 creatures vanquished.

Grand Total: 1583 creatures vanquished

Notes
Turn   | Place    | Note
-------+----------+-------------------------------------------
     0 | D:1      | gruber the Vine Stalker Fighter began the quest for the
                  | Orb.
     0 | D:1      | Reached XP level 1. HP: 11/11 MP: 2/2
    80 | D:1      | Reached XP level 2. HP: 14/16 MP: 1/3
   243 | D:1      | Reached XP level 3. HP: 19/19 MP: 4/4
   817 | D:2      | Reached XP level 4. HP: 7/23 MP: 2/5
   818 | D:2      | HP: 1/23 [something (4)]
  1282 | D:3      | Identified the +3 sling of Fragile Peace {antimagic, rF+
                  | rC+ Int+3}
  1456 | D:3      | Found a runed translucent gate.
  1456 | D:3      | Found a runed translucent gate.
  1456 | D:3      | Found a runed translucent gate.
  1475 | D:3      | Noticed casual's ghost (amateur DjAE)
  1476 | D:3      | Noticed Domino's ghost (amateur MiFi)
  1491 | D:3      | Reached XP level 5. HP: 27/27 MP: 6/6
  1503 | D:3      | Noticed Ijyb
  1545 | D:3      | Killed Ijyb
  1563 | D:3      | Reached skill level 5 in Short Blades
  1764 | D:3      | Reached XP level 6. HP: 31/32 MP: 4/7
  1793 | D:3      | Found a basalt altar of Yredelemnul.
  1896 | D:3      | Found an ancient bone altar of Kikubaaqudgha.
  2695 | D:4      | Found a sparkling altar of Nemelex Xobeh.
  2696 | D:4      | Noticed an orc warrior
  2739 | D:4      | Killed an orc warrior
  2740 | D:4      | Reached XP level 7. HP: 25/35 MP: 5/8
  2899 | D:4      | Found a stormy altar of Qazlal.
  3077 | D:4      | Found a staircase to the Ecumenical Temple.
  3089 | Temple   | Entered the Ecumenical Temple
  3277 | D:4      | Found a glowing golden altar of the Shining One.
  3724 | D:5      | Entered Level 5 of the Dungeon
  3742 | D:5      | Noticed Grinder
  3769 | D:5      | Killed Grinder
  3770 | D:5      | Reached skill level 3 in Stealth
  3770 | D:5      | Gained mutation: You have razor-sharp teeth. [Vine Stalker
                  | growth]
  3770 | D:5      | Reached XP level 8. HP: 39/39 MP: 9/9
  3813 | D:5      | Reached skill level 4 in Stealth
  3831 | D:5      | Reached skill level 5 in Stealth
  3940 | D:5      | Found an iron altar of Okawaru.
  3941 | D:5      | Found a glowing silver altar of Zin.
  3960 | D:5      | Reached skill level 6 in Stealth
  4283 | D:5      | Noticed Sigmund
  4299 | D:5      | Reached skill level 7 in Stealth
  4321 | D:5      | Killed Sigmund
  4322 | D:5      | Reached skill level 8 in Stealth
  4406 | D:5      | Reached skill level 9 in Stealth
  4514 | D:6      | Reached XP level 9. HP: 43/43 MP: 10/10
  4519 | D:6      | Noticed Menkaure
  4532 | D:6      | Killed Menkaure
  4603 | D:6      | Reached skill level 10 in Stealth
  4696 | D:6      | Noticed Prince Ribbit
  4734 | D:6      | Reached skill level 11 in Stealth
  4759 | D:6      | Killed Prince Ribbit
  4963 | D:6      | Reached skill level 12 in Stealth
  5448 | D:7      | Found an opulent altar of Gozag.
  5615 | D:7      | Reached skill level 5 in Shields
  5625 | D:7      | Noticed Maurice
  5665 | D:7      | Something stole a ring of wizardry
  5677 | D:7      | Something stole the +3 sling of Fragile Peace {antimagic,
                  | rF+ rC+ Int+3}
  5701 | D:7      | Killed Maurice
  5702 | D:7      | Reached XP level 10. HP: 47/47 MP: 11/11
  5862 | D:7      | Found a burning altar of Makhleb.
  6229 | D:7      | Noticed Joseph
  6234 | D:7      | Killed Joseph
  6687 | D:7      | Reached skill level 5 in Armour
  6937 | D:8      | Reached skill level 5 in Dodging
  7896 | D:9      | Found a transporter.
  7902 | D:9      | Noticed ZZKoverts's ghost (journeyman DjFE)
  7902 | D:9      | Noticed a two-headed ogre
  7903 | D:9      | Noticed a two-headed ogre
  7904 | D:9      | Noticed a two-headed ogre
  7905 | D:9      | Noticed a two-headed ogre
  7943 | D:9      | Reached skill level 5 in Fighting
  7943 | D:9      | Reached XP level 11. HP: 52/55 MP: 12/12
  8185 | D:9      | Noticed a boulder beetle
  8286 | D:9      | Killed a boulder beetle
  8415 | D:9      | a wolf changed into an entropy weaver
  8415 | D:9      | Noticed an entropy weaver (shapeshifter)
  8456 | D:9      | an entropy weaver changed into a raiju
  8487 | D:9      | Reached skill level 10 in Short Blades
  8765 | D:9      | Noticed a two-headed ogre
  8785 | D:9      | Found a transporter.
  9059 | D:10     | Entered Level 10 of the Dungeon
  9064 | D:10     | Found a hide-covered altar of Uskayaw.
  9074 | D:10     | Became a worshipper of Uskayaw the Reveller
  9105 | D:10     | Reached * piety under Uskayaw
  9158 | D:10     | Noticed Snorg
  9164 | D:10     | Reached ** piety under Uskayaw
  9179 | D:10     | Reached *** piety under Uskayaw
  9180 | D:10     | Killed Snorg
  9231 | D:10     | Reached **** piety under Uskayaw
  9232 | D:10     | Reached ***** piety under Uskayaw
  9251 | D:10     | Noticed Fannar
  9296 | D:10     | Killed Fannar
  9309 | D:10     | Noticed a boulder beetle
  9324 | D:10     | Reached ****** piety under Uskayaw
  9379 | D:10     | Found a portal to a secret trove of treasure.
  9499 | D:10     | Reached XP level 12. HP: 60/60 MP: 13/13
  9638 | D:10     | Found a staircase to the Orcish Mines.
  9904 | D:10     | Killed a boulder beetle
  9933 | D:10     | Found a staircase to the Lair.
 10001 | D:10     | Reached XP level 13. HP: 63/63 MP: 14/14
 10003 | Trove    | Entered a treasure trove
 10134 | D:10     | Reached skill level 1 in Invocations
 10549 | D:11     | Reached skill level 5 in Invocations
 10576 | D:11     | Noticed Harold
 11131 | D:11     | Killed Harold
 12364 | Lair:1   | Entered Level 1 of the Lair of Beasts
 13351 | Lair:2   | Reached skill level 10 in Invocations
 13810 | Lair:2   | Reached XP level 14. HP: 65/68 MP: 19/22
 14169 | Lair:3   | Noticed Kirke
 14567 | Lair:3   | Killed Kirke
 14654 | Lair:3   | Found a staircase to the Snake Pit.
 14792 | Lair:3   | Noticed Urug
 14795 | Lair:3   | Killed Urug
 14895 | Lair:3   | Found a staircase to the Shoals.
 15281 | Lair:4   | Reached skill level 13 in Stealth
 15952 | Lair:4   | Reached skill level 14 in Stealth
 16300 | Lair:4   | Found a viscous altar of Jiyva.
 16301 | Lair:4   | Found a staircase to the Slime Pits.
 16486 | Lair:5   | Entered Level 5 of the Lair of Beasts
 16624 | Lair:5   | Reached skill level 15 in Stealth
 16772 | Lair:5   | Identified the blade talisman "Lesux" {rC- Will+ Int+2
                  | Dex+5}
 17239 | Lair:5   | Noticed a dire elephant
 17295 | Lair:5   | Noticed a dire elephant
 17304 | Lair:5   | Noticed a dire elephant
 17990 | Lair:5   | Killed a dire elephant
 18042 | Lair:5   | Reached XP level 15. HP: 75/76 MP: 25/25
 18757 | Orc:1    | Entered Level 1 of the Orcish Mines
 18759 | Orc:1    | Noticed Sonja
 18813 | Orc:1    | Killed Sonja
 19181 | Orc:2    | Entered Level 2 of the Orcish Mines
 19237 | Orc:2    | Found Xaifathu's General Store.
 19245 | Orc:2    | Found Hykleyw's Book Emporium.
 19255 | Orc:2    | Found Ylepn's Assorted Antiques.
 19357 | Orc:2    | Found a staircase to the Elven Halls.
 19567 | Orc:2    | Found Emnyst's General Store.
 20461 | Orc:2    | Found Gounat's Antique Armour Shoppe.
 20461 | Orc:2    | Found Zirriu's Armour Shoppe.
 20462 | Orc:2    | Found Heibeab's Magic Scroll Emporium.
 20462 | Orc:2    | Found Fistrilua's Jewellery Shoppe.
 20469 | Orc:2    | Bought a scorched cloak for 171 gold pieces
 20469 | Orc:2    | Identified the +0 cloak "Fiplen" {rN+++ Dex-5 SInv Stlth+}
                  | (You bought it in a shop on level 2 of the Orcish Mines)
 21687 | D:14     | Found a gate to the Vaults.
 21988 | D:15     | Entered Level 15 of the Dungeon
 21992 | D:15     | Found a staircase to the Depths.
 22362 | D:15     | Reached XP level 16. HP: 74/81 MP: 26/26
 22430 | D:15     | Noticed Josephine
 22444 | D:15     | Killed Josephine
 22580 | D:15     | Reached skill level 15 in Short Blades
 23501 | Orc:2    | Bought a faintly glowing scale mail for 162 gold pieces
 23501 | Orc:2    | Identified the +5 scale mail of Undesirable Species {rCorr
                  | Str+6} (You bought it in a shop on level 2 of the Orcish
                  | Mines)
 23743 | Snake:1  | Entered Level 1 of the Snake Pit
 24441 | Snake:1  | Found Wumid's Jewellery Shop.
 24442 | Snake:1  | Found Woazor's Book Emporium.
 24442 | Snake:1  | Found Gymm's Book Emporium.
 25344 | Snake:2  | Noticed Roxanne
 25366 | Snake:2  | Reached skill level 10 in Shields
 26272 | Snake:2  | Reached skill level 10 in Fighting
 26656 | Snake:3  | Noticed Mlioglotl
 26669 | Snake:3  | Killed Mlioglotl
 26753 | Snake:3  | Found Addix's Antique Armour Emporium.
 26915 | Snake:3  | Reached XP level 17. HP: 84/89 MP: 11/27
 27844 | Snake:4  | Entered Level 4 of the Snake Pit
 27960 | Snake:4  | Noticed Saint Roka
 27990 | Snake:4  | Killed Saint Roka
 28078 | Snake:4  | Identified 2 scrolls of acquirement
 28079 | Snake:4  | Acquired a manual of Evocations
 28081 | Snake:4  | Acquired the +9 chain mail of Polytheism {rF+ Will+ Int-2}
 29605 | Snake:4  | HP: 4/89 [shock serpent/bolt of electricity (5)]
 30870 | Snake:4  | Got a serpentine rune of Zot
 30971 | Snake:4  | Reached XP level 18. HP: 93/93 MP: 28/28
 31159 | Snake:4  | Reached skill level 15 in Shields
 31638 | Shoals:1 | Entered Level 1 of the Shoals
 32756 | Shoals:2 | Reached skill level 16 in Stealth
 32879 | Shoals:2 | Noticed Ilsuiw
 32981 | Shoals:2 | Killed Ilsuiw
 33081 | Shoals:2 | Identified the +10 halberd "Woeta" {protect, Str+4 SInv}
 33736 | Shoals:3 | Reached skill level 17 in Stealth
 34388 | Shoals:3 | Reached skill level 18 in Stealth
 34831 | Shoals:4 | Entered Level 4 of the Shoals
 34969 | Shoals:4 | Noticed Bai Suzhen
 34990 | Shoals:4 | Killed Bai Suzhen
 34991 | Shoals:4 | Reached skill level 19 in Stealth
 35104 | Shoals:4 | Reached XP level 19. HP: 87/98 MP: 29/29
 35367 | Shoals:4 | Reached skill level 20 in Stealth
 35543 | Shoals:4 | Noticed Polyphemus
 35560 | Shoals:4 | Killed Polyphemus
 35914 | Shoals:4 | Identified the +8 long sword of Daicofami {speed, rElec
                  | rCorr Dex+3}
 36097 | Shoals:4 | Got a barnacled rune of Zot
 36548 | Vaults:1 | Entered Level 1 of the Vaults
 36628 | Vaults:1 | Found a crumbling gateway.
 36645 | Desolati | Entered the Desolation of Salt
 36983 | Desolati | Got the Tractate on Trauma
 37051 | Desolati | Identified the orb of Negligence {*channel, Rampage rElec
                  | rPois rF- rN+}
 37061 | Desolati | Identified the ring "Vageerut" {Will++ AC+4 Stlth-}
 37174 | Desolati | Identified the amulet "Niel Gyt" {Acrobat Harm rPois MP+9
                  | Stlth-}
 37182 | Desolati | Got the Omnibus of Space
 37498 | Desolati | Identified the ring "Yjavug" {rC+ rN+ Str+2}
 37500 | Desolati | Identified the +0 leather armour of Lietaif {Harm}
 37505 | Desolati | Identified the ring of the Trilobite {rF+ Int+3}
 37515 | Desolati | Identified the +0 chain mail of Daffodils {rC+ MP+9}
 37927 | Vaults:1 | Reached XP level 20. HP: 28/111 MP: 4/30
 38409 | Vaults:1 | Reached skill level 10 in Dodging
 38940 | Vaults:2 | Found a gateway to a bazaar.
 38964 | Bazaar   | Entered a bazaar
 38981 | Bazaar   | Found Xeluqiw's Magic Scroll Shop.
 38985 | Bazaar   | Bought a scroll of fog for 40 gold pieces
 39005 | Bazaar   | Found Ziqeluq's Magic Scroll Shop.
 39013 | Bazaar   | Bought a scroll of blinking for 75 gold pieces
 39013 | Bazaar   | Bought a scroll of teleportation for 30 gold pieces
 39045 | Bazaar   | Found Tyclak's Distillery.
 39071 | Bazaar   | Found Roschih's Distillery.
 39081 | Bazaar   | Bought a potion of curing for 48 gold pieces
 39081 | Bazaar   | Bought a potion of curing for 48 gold pieces
 39081 | Bazaar   | Bought a potion of resistance for 160 gold pieces
 39182 | Vaults:2 | Noticed Donald
 39225 | Vaults:2 | Killed Donald
 39643 | Vaults:2 | You fall into a shaft and drop 2 floors!
 39715 | Vaults:4 | Found a runed translucent gate.
 39715 | Vaults:4 | Found a runed translucent gate.
 39715 | Vaults:4 | Found a runed translucent gate.
 39934 | Vaults:3 | Found a magical portal.
 39943 | WizLab   | Entered Maxwell's Workshop
 40185 | WizLab   | Identified the ring of Finality {Fire Dex+3}
 40189 | WizLab   | Identified the +7 whip "Newtbane" {antimagic, rN+}
 40210 | WizLab   | Noticed an electric golem
 40521 | WizLab   | Killed an electric golem
 40522 | WizLab   | Reached skill level 10 in Armour
 40541 | WizLab   | Reached XP level 21. HP: 46/115 MP: 29/31
 40680 | WizLab   | Identified the +1 spear of Huafojuk {drain, +Blink}
 40709 | WizLab   | Identified the +0 kite shield "Appyetra" {rC+ Regen+ Dex+2}
 41141 | Vaults:3 | Found a staircase to the Crypt.
 41141 | Vaults:3 | Found an ancient bone altar of Kikubaaqudgha.
 41142 | Vaults:3 | Found a basalt altar of Yredelemnul.
 42981 | Vaults:4 | Reached skill level 1 in Evocations
 43152 | Vaults:4 | Reached skill level 5 in Evocations
 43595 | Vaults:4 | Identified the +0 battleaxe "Koal" {elec, +Blink rN+ Str+4}
 43972 | Vaults:4 | Noticed nago's ghost (veteran NaSh)
 44131 | Depths:1 | Entered Level 1 of the Depths
 44319 | Depths:1 | Found a one-way gateway to a ziggurat.
 44320 | Depths:1 | Identified the +1 glaive "Boshewew" {holy, Int+2}
 44348 | Depths:1 | Reached XP level 22. HP: 114/120 MP: 32/34
 44348 | Depths:1 | Found a gateway to Hell.
 44718 | Depths:1 | Reached skill level 15 in Invocations
 44787 | Depths:1 | Found a one-way gate to the infinite horrors of the Abyss.
 45983 | Depths:2 | Found the +7 captain's cutlass {speed, disarm}
 46020 | Depths:2 | Identified the +3 flail "Puddaff" {flame, rCorr Str-4
                  | Dex+4}
 46028 | Depths:2 | Identified the +2 giant club of the Bashing Firefly
                  | {freeze, rPois Str+2}
 46028 | Depths:2 | Identified the +8 giant club of Asorrec {venom, Int+6}
 46028 | Depths:2 | Noticed the Enchantress
 46044 | Depths:2 | Killed the Enchantress
 46386 | Depths:2 | Found a bloodstained altar of Trog.
 46570 | Depths:2 | Found a one-way gate leading to the halls of Pandemonium.
 46944 | Depths:3 | Found Otusch's Magic Scroll Boutique.
 48191 | Depths:4 | Entered Level 4 of the Depths
 48401 | Depths:4 | Noticed a golden dragon
 48590 | Depths:3 | Reached XP level 23. HP: 124/124 MP: 37/37
 49067 | Depths:4 | Noticed a golden dragon
 49084 | Depths:4 | Killed a golden dragon
 49125 | Depths:4 | HP: 1/124 [poison (poison gas)]
 49126 | Depths:4 | Succumbed to poison (poison gas)

Illustrated notes

Levels and vault maps discovered:
D:1:      lightli_arrival_windingriver, layout_basic, serial_glass,
          glass_columns_b, glass_columns_b, glass_columns_c, glass_columns_c,
          minmay_octomino_j4
D:2:      layout_loops_cross, chequers_hall_statues_y
D:3:      layout_loops_ring, lemuel_zombie_altar_kikubaaqudgha,
          nicolae_yredelemnul_corpse_copse, serial_forest,
          infiniplex_forest_corner_1, infiniplex_forest_clump_diagonal,
          infiniplex_forest_lined_ring, infiniplex_forest_side_room,
          infiniplex_forest_lined_2, infiniplex_forest_end_1,
          infiniplex_forest_lined_3, infiniplex_forest_end_1,
          gammafunk_ghost_cemetery, wander_ebering_terrifying_dragon_lair,
          uniq_ijyb
D:4:      layout_basic, lemuel_round_altar, mainiacjoe_overflow_tiny_flanked,
          nicolae_qazlal_scattered_showers, minmay_temple_entry_overgrown
D:5:      layout_gridville, grunt_temple_overflow_open, uniq_grinder,
          uniq_sigmund
D:6:      layout_loops_ring, lightli_minifort, uniq_prince_ribbit1,
          uniq_menkaure
D:7:      layout_basic, grunt_gozag_statues, kennysheep_little_box,
          uniq_maurice, uniq_joseph
D:8:      layout_layer_cave
D:9:      minmay_the_grid_four_pointed_star
          [minmay_the_grid_triangle_9x9_sparse_checkered,
          minmay_the_grid_triangle_9x9_corrupted_corridor,
          minmay_the_grid_triangle_9x9_odd_lines,
          minmay_the_grid_triangle_9x9_skeleton,
          minmay_the_grid_prize_inner_circle], layout_basic,
          gammafunk_ghost_smash
D:10:     nicolae_cairo_tiling_large, layout_irregular_city,
          nicolae_uskayaw_murder_on_the_dancefloor,
          grunt_lair_entry_orc_guard_hut, erik_orc_1, enter_trove_2,
          uniq_fannar, uniq_snorg
D:11:     layout_small_grid, minmay_door_square, onia_ninara_cookie, uniq_harold
D:12:     layout_big_octagon
D:13:     layout_irregular_city
D:14:     layout_basic, erik_vaults_1, minmay_holes
D:15:     gammafunk_depths_entry_grave, layout_loops_cross, serial_demonic,
          serial_demonic_a, serial_demonic_f, serial_demonic_a,
          serial_demonic_b, serial_demonic_c, serial_demonic_f,
          serial_demonic_c, uniq_josephine
Temple:   minmay_temple_forest_path
Lair:1:   layout_gridlike
Lair:2:   layout_chaotic_city, minivault_26, grunt_megastairs_1
Lair:3:   layout_gridlike, minmay_shoals_entry_hut,
          minmay_snake_entry_guardpost_large, beast_lair_carwin_10, uniq_urug,
          uniq_kirke
Lair:4:   layout_layer_cave, dpeg_slime_entry_corner, enter_volcano_3,
          serial_forest, infiniplex_forest_pool, infiniplex_forest_clump_cross,
          infiniplex_forest_diagonal, infiniplex_forest_straight_2,
          infiniplex_forest_lined_3, infiniplex_forest_lined_1,
          infiniplex_forest_clump_tiny
Lair:5:   due_jungle_book, layout_misc_corridors, serial_bayou_shore_a
Shoals:1: layout_shoals, nicolae_shoals_water_shrine
Shoals:2: layout_shoals, overgrown_hall, uniq_ilsuiw
Shoals:3: layout_shoals
Shoals:4: shoals_end_grunt_ice, layout_shoals, shoals_ilsuiw_ice,
          uniq_polyphemus, uniq_bai_suzhen
Snake:1:  layout_layer_cave, minmay_shop_grove, serial_bayou_shore_b
Snake:2:  layout_chambers, statue_in_the_mist_lemuel,
          nicolae_snake_salamander_jacuzzi, uniq_roxanne
Snake:3:  layout_chambers, serial_shops, nicolae_shop_window_shopping,
          drop_trap, uniq_mlioglotl
Snake:4:  grunt_snake_rune_spirals, layout_concentric_octagons,
          portal_ice_cave_entry_ice_statue_one, uniq_saint_roka
Orc:1:    layout_caves, uniq_sonja
Orc:2:    st_orc_pillars, layout_diamond_mine, serial_shops, shop,
          nicolae_shop_tiny_statue_garden, shop, nicolae_shop_trees
Vaults:1: portal_desolation_entry_nicolae_slug, nicolae_vaults_border_crossing,
          hangedman_vaults_maws, vaults_mumra_chevron_long,
          vaults_room_glass_cross, nicolae_vaults_more_shelving_1, v_rooms_3,
          nicolae_vaults_tetromino_T_1, nicolae_vaults_surprise_closet,
          ontoclasm_vaults_misaligned, nicolae_vaults_wine_cellar,
          layout_vaults_big_room
Vaults:2: nicolae_vaults_security_offices_5, nicolae_vaults_yaktaur_gun_rack,
          nicolae_vaults_network_s, nicolae_vaults_little_ls,
          nicolae_vaults_spaceships, nicolae_vaults_tetromino_T_1,
          vaults_room_large_hall, vaults_room_pools,
          nicolae_vaults_tetromino_Z_1, layout_vaults_omnicross, serial_shops,
          statue_bzr, uniq_donald
Vaults:3: mu_enter_wizlab_1, vaults_room_corners, nicolae_vaults_apartment_2,
          hangedman_vaults_locks, nicolae_vaults_network_square,
          hangedman_vaults_unwind, minmay_crypt_entry_necro_gods,
          nicolae_vaults_storage_closets_2, nicolae_vaults_closet_pinwheel_6,
          ontoclasm_vaults_shuriken, nicolae_vaults_antechamber_and_loot_room,
          ontoclasm_vaults_loading_screen, layout_vaults_omnibox
Vaults:4: gammafunk_ghost_spectres, nicolae_vaults_doubleplus_tesselated,
          nicolae_vaults_tetromino_L_2, ontoclasm_vaults_spin, v_misc_12,
          nicolae_vaults_twisting_passages, nicolae_vaults_weapon_check,
          hangedman_vaults_stream, nicolae_vaults_little_squares_6,
          nicolae_vaults_tetromino_L_1, nicolae_vaults_storage_room_water,
          layout_vaults_ring
Depths:1: layout_cave_shapes, enter_ziggurat_d, abyss_entry, grunt_metal_band,
          serial_library_hellmonk_angled_corner, ebering_dispersal_statue_hall,
          lemuel_flames_and_gold
Depths:2: spriggan_forest, serial_shops, pan_entry, hell_entry
Depths:3: dreamdust_tengu_aerie, layout_gridlike, abyss_entry, hell_entry,
          serial_shops, shop, roderic_serpentine_path,
          infiniplex_staircase_river
Depths:4: evilmike_zot_entry_castle, layout_basic, grunt_hell_entry_dis_grunt,
          rand_demon_pan_entry_3, grunt_decor_mini_mirrors, uniq_parghit

Skill      XL: |  1  2  3  4  5  6  7  8  9 10 11 12 13 14 15 16 17 18 19 20 21 22 |
---------------+-------------------------------------------------------------------+-----
Short Blades   | 2 3 4 5 6 8 10 14 15 16 | 16.6
Stealth        | 3 9 12 15 19 20 | 20.0
Shields        | 5 7 10 14 15 | 15.0
Armour         | 3 5 6 7 8 10 12 | 12.0
Dodging        | 2 5 7 8 12 | 12.0
Fighting       | 5 7 8 10 14 | 14.0
Invocations    | 10 12 13 14 18 | 18.0
Evocations     | 8 |  8.0

Action                     |  1- 3 |  4- 6 |  7- 9 | 10-12 | 13-15 | 16-18 | 19-21 | 22-24 || total
---------------------------+-------+-------+-------+-------+-------+-------+-------+-------++-------
  Melee: Rapier            |   123 |   185 |    45 |       |       |   753 |  2083 |   361 ||  3550
         Bite              |    20 |    56 |   204 |   443 |  1240 |  1276 |  1129 |   387 ||  4755
         Dagger            |       |       |   502 |  1015 |  2558 |  1795 |       |       ||  5870
         Cutlass           |       |       |       |       |       |       |       |   423 ||   423
   Fire: Sling             |       |    21 |       |       |       |       |       |       ||    21
  Throw: Dart              |       |       |       |     1 |     3 |     1 |       |       ||     5
         Javelin           |       |       |       |       |       |       |     1 |       ||     1
 Invoke: Line Pass         |       |       |       |     1 |     2 |     2 |       |       ||     5
         Stomp             |       |       |       |       |    11 |    12 |     4 |       ||    27
         Grand Finale      |       |       |       |       |       |       |     1 |       ||     1
  Evoke: Wand              |       |     2 |       |       |     2 |       |       |       ||     4
    Use: Potion            |       |       |     1 |     1 |       |     2 |       |     1 ||     5
         Scroll            |       |       |       |    12 |     8 |    13 |     5 |       ||    38
   Stab: Sleeping          |       |       |     2 |    14 |    38 |    31 |    41 |    27 ||   153
         Paralysed         |       |       |       |    12 |    98 |   121 |   143 |    65 ||   439
         Distracted        |       |       |       |     1 |     6 |     6 |     4 |     1 ||    18
         Confused          |       |       |       |       |     3 |     3 |       |       ||     6
         Petrified         |       |       |       |       |       |       |     3 |       ||     3
 Armour: Scale mail        |    89 |   101 |    93 |   159 |    41 |   261 |       |       ||   744
         Troll leather arm |       |       |       |       |   497 |    70 |       |       ||   567
         Chain mail        |       |       |       |       |       |   275 |   420 |   108 ||   803
         Acid dragon scale |       |       |       |       |       |       |       |    84 ||    84
  Dodge: Dodged            |    44 |   127 |   214 |   425 |  1080 |   613 |   327 |   134 ||  2964
  Block: Buckler           |    33 |    41 |    57 |   107 |   401 |    58 |       |       ||   697
         Kite shield       |       |       |       |       |       |   773 |  1081 |   344 ||  2198
         Reflection        |       |       |       |       |       |    25 |    61 |     3 ||    89

Table legend: (Time is in decaauts)
 A = Elapsed time spent in this place.
 B = Non-inter-level travel time spent in this place.
 C = Inter-level travel time spent in this place.
 D = Time resting spent in this place.
 E = Time spent auto-exploring this place.
 F = Levels seen in this place.
 G = Mean time per level.
                   A        B        C        D        E       F      G
               +--------+--------+--------+--------+--------+-----+--------+
         Total |  43383 |  40104 |   3279 |   1532 |  28012 |  43 | 1008.9 |
       Dungeon |  13696 |  12277 |   1419 |    154 |   8868 |  15 |  913.1 |
        Temple |      1 |      1 |      0 |      0 |      0 |   1 |    1.0 |
          Lair |   5804 |   5368 |    436 |    459 |   3654 |   5 | 1160.8 |
        Shoals |   4071 |   3876 |    195 |     35 |   2730 |   4 | 1017.8 |
     Snake Pit |   7010 |   6780 |    230 |    541 |   4539 |   4 | 1752.5 |
  Orcish Mines |   1719 |   1483 |    236 |     80 |    945 |   2 |  859.5 |
        Vaults |   4902 |   4453 |    449 |     93 |   3373 |   4 | 1225.5 |
        Depths |   4478 |   4167 |    311 |      2 |   3221 |   4 | 1119.5 |
        Bazaar |    146 |    146 |      0 |      0 |    125 |   1 |  146.0 |
         Trove |     95 |     95 |      0 |      0 |      0 |   1 |   95.0 |
        Wizlab |    680 |    680 |      0 |    120 |    264 |   1 |  680.0 |
    Desolation |    774 |    774 |      0 |     48 |    293 |   1 |  774.0 |
               +--------+--------+--------+--------+--------+-----+--------+

Top non-repeatable levels by time:
 Snake:4: 3092 daAuts
  Lair:5: 1817 daAuts
Depths:2: 1539 daAuts
 Snake:2: 1390 daAuts
Vaults:3: 1335 daAuts
     D:3: 1290 daAuts
Depths:3: 1289 daAuts
 Snake:3: 1272 daAuts
  Lair:4: 1258 daAuts
 Snake:1: 1255 daAuts
    D:10: 1253 daAuts
Shoals:4: 1222 daAuts
Vaults:2: 1220 daAuts
Vaults:1: 1178 daAuts
Vaults:4: 1168 daAuts
